 Dungeon Crawl Stone Soup version 0.21.0-24-g2553a33 (webtiles) character file.

3585 Firecrotchwizard the Grappler (level 9, -1/87 HPs)
             Began as a Troll Fighter on Jan 22, 2018.
             Was a Believer of Okawaru.
             Succumbed to a killer bee's poison
             ... on level 8 of the Dungeon.
             The game lasted 00:13:27 (7085 turns).

Firecrotchwizard the Grappler (Troll Fighter)       Turns: 7085, Time: 00:13:28

Health: -1/87      AC:  5    Str: 27    XL:     9   Next: 85%
Magic:  7/8        EV:  9    Int:  4    God:    Okawaru [**....]
Gold:   443        SH: 12    Dex: 11    Spells: 8/8 levels left

rFire    . . .     SeeInvis .     - Unarmed
rCold    . . .     Gourm    +   b - +1 shield
rNeg     . . .     Faith    +   a - +0 robe
rPois    .         Spirit   .   (helmet restricted)
rElec    .         Reflect  .   (no cloak)
rCorr    .         Harm     .   (gloves unavailable)
MR       .....                  (boots unavailable)
Stlth    ++........             s - amulet of faith {Faith, !P}
HPRegen  0.64/turn              m - ring of stealth {Stlth+}
MPRegen  0.11/turn              (no ring)

@: lethally poisoned (-1 -> -7), drained
A: large, unfitting armour, claws 3, fast metabolism 3, gourmand, regeneration
1, shaggy fur 1, tough skin 2
a: Heroism, Renounce Religion


You were on level 8 of the Dungeon.
You worshipped Okawaru.
Okawaru was pleased with you.
You were very full.

You visited 2 branches of the dungeon, and saw 9 of its levels.

You collected 443 gold pieces.

Inventory:

Hand Weapons
 u - a cursed +0 flail of draining
   (You took it off a wight on level 8 of the Dungeon)
Armour
 a - a +0 robe (worn)
 b - a +1 shield (worn)
Magical Staves
 t - an uncursed staff of power {unknown}
   (You found it on level 7 of the Dungeon)
Jewellery
 m - a ring of stealth (left claw) {Stlth+}
   (You found it on level 2 of the Dungeon)
 s - an amulet of faith (around neck) {Faith, !P}
   (You found it on level 5 of the Dungeon)
Wands
 x - a wand of acid (9)
   (You found it on level 6 of the Dungeon)
Scrolls
 f - 7 scrolls of remove curse
 i - 3 scrolls of identify
 j - 3 scrolls of amnesia
 k - 3 scrolls of enchant armour
 l - 5 scrolls of teleportation
 q - a scroll of fear
Potions
 c - a potion of might
 e - 7 potions of curing
 g - 4 potions of flight {unknown}
 h - a potion of ambrosia {unknown}
 o - a potion of haste {unknown}
 p - 2 potions of heal wounds {unknown}
 z - 2 potions of agility {unknown}
Books
 r - a book of Necromancy
   (You found it on level 5 of the Dungeon)
Comestibles
 d - 17 rations {@e1}
 n - 5 chunks of flesh {@w0}


   Skills:
 + Level 4.8(4.1) Fighting
 - Level 2.4(1.7) Dodging
 * Level 7.9(7.2) Shields
 - Level 10.0(9.2) Unarmed Combat


You had 8 spell levels left.
You didn't know any spells.

Dungeon Overview and Level Annotations

Branches:
Dungeon (8/15)             Temple (1/1) D:5
   Lair: D:8-11

Altars:
Cheibriados
Elyvilon
Fedhas
Gozag
Hepliaklqana
Makhleb
Nemelex Xobeh
Okawaru
Qazlal
Ru
Trog
Uskayaw
Vehumet
Xom
Yredelemnul
The Shining One

Annotations:
D:8 exclusion: slave


Innate Abilities, Weirdness & Mutations

You are too large for most types of armour.
You have claws for hands.
Your metabolism is lightning-fast.
You like to eat raw meat.
Your natural rate of healing is unusually fast.
You are covered in fur. (AC +1)
You have very tough skin. (AC +2)


Message History

Things that are here:
an enchanted mace; a robe x2
A killer bee comes into view.
You regained 6 hp, and now have 78/87 hp.
A killer bee comes into view.
The killer bee moves out of view.
Some of the chunks of flesh in your inventory have rotted away.
No target in view!
No target in view!
A killer bee and an orc come into view.
The killer bee buzzes angrily.
The killer bee closely misses you.
You miss the killer bee. The killer bee stings you!
You are poisoned.
The killer bee poisons you! The killer bee barely misses you.
A killer bee comes into view.
You take 9 damage, and have 71/87 hp.
You miss the killer bee.
You feel sick. You block the killer bee's attack.
You take 1 damage, and have 70/87 hp.
You miss the killer bee. The killer bee stings you.
The orc suddenly complains.
The killer bee closely misses you. x2
You take 2 damage, and have 68/87 hp.
You feel sick.
The killer bee buzzes angrily.
You block the killer bee's attack. The killer bee stings you!
You take 8 damage, and have 60/87 hp.
You block the killer bee's attack.
The killer bee buzzes angrily.
You feel sick. The killer bee closely misses you.
You take 1 damage, and have 61/87 hp.
The killer bee barely misses you.
You feel sick.
You take 1 damage, and have 62/87 hp.
You gain the combat prowess of a mighty hero.
The killer bee stings you. You block the killer bee's attack.
You take 5 damage, and have 57/87 hp.
You now have 6/8 mp.
You scratch the killer bee. The killer bee stings you.
The killer bee completely misses you.
You take 3 damage, and have 54/87 hp.
You closely miss the killer bee. You block the killer bee's attack. x2
You barely miss the killer bee. The killer bee stings you!
You block the killer bee's attack. x2; The killer bee stings you!
You take 16 damage, and have 39/87 hp.
You miss the killer bee.
You feel sick. The killer bee barely misses you.
You block the killer bee's attack. The killer bee stings you.
You block the killer bee's attack.
The killer bee stings you but does no damage.
You take 4 damage, and have 35/87 hp.
You block the killer bee's attack. The killer bee barely misses you.
You block the killer bee's attack. x2; The killer bee stings you.
You take 3 damage, and have 32/87 hp.
The killer bee closely misses you. You block the killer bee's attack.
The killer bee stings you.
You take 2 damage, and have 31/87 hp.
You feel sick. The killer bee barely misses you.
You block the killer bee's attack.
You take 1 damage, and have 30/87 hp.
You feel better. The killer bee stings you! You block the killer bee's attack.
The killer bee misses you. You block the killer bee's attack. x2
The killer bee stings you but does no damage.
You miss the killer bee. The killer bee closely misses you.
The killer bee barely misses you. You block the killer bee's attack.
You claw the killer bee!
You kill the killer bee!
Okawaru accepts your kill.
You feel like a meek peon again. You block the killer bee's attack.
The killer bee stings you.
You are poisoned.
The killer bee poisons you! You block the killer bee's attack.
The killer bee stings you but does no damage.
You take 2 damage, and have 29/87 hp.
You miss the killer bee.
You feel sick. The killer bee barely misses you. The killer bee stings you.
* * * LOW HITPOINT WARNING * * *
You block the killer bee's attack. The killer bee stings you!
* * * LOW HITPOINT WARNING * * *
You take 14 damage, and have 15/87 hp.
You barely miss the killer bee. You block the killer bee's attack.
The killer bee stings you!
* * * LOW HITPOINT WARNING * * *
You are more poisoned.
The killer bee poisons you! The killer bee stings you.
* * * LOW HITPOINT WARNING * * *
The killer bee stings you but does no damage.
You block the orc's attack. The killer bee stings you.
* * * LOW HITPOINT WARNING * * *
The killer bee closely misses you.
You take 11 damage, and have 4/87 hp.
There are monsters nearby!
You feel sick. You block the killer bee's attack.
The killer bee stings you but does no damage.
The killer bee stings you.
* * * LOW HITPOINT WARNING * * *
You are more poisoned.
The killer bee poisons you! The orc barely misses you.
Some of the chunks of flesh in your inventory have rotted away.
You take 3 damage, and have 1/87 hp.
You barely miss the killer bee.
You die...

####### ### ##.....###
...########........###
.........##..........###
...............yo......#
..........#...yy@......#
..##.##...######......##
......#...# ########
......#...#
..#.......#####
...####.......#####
..................###
....................#
...####.............#


You could see 3 killer bees and an orc.

Vanquished Creatures
  Sigmund (D:4)
  Eustachio (D:4)
  Edmund (D:6)
  2 sky beasts (D:7)
  A black bear (D:5)
  3 ice beasts
  6 ogres
  A centaur (D:5)
  A wyvern zombie (D:7)
  2 bullfrogs (D:7)
  A water moccasin skeleton (D:5)
  4 killer bees
  9 wights
  A howler monkey (D:4)
  4 crimson imps
  A bullfrog zombie (D:6)
  8 hounds
  A centaur zombie (D:2)
  A jelly (D:8)
  2 orc priests (D:3)
  A bullfrog skeleton (D:6)
  An iguana (D:7)
  7 orc wizards
  Natasha (twice) (D:4)
  5 worker ants
  A hound skeleton (D:7)
  A worker ant zombie (D:6)
  7 adders
  3 river rats (D:7)
  A shadow imp (D:6)
  An ooze (D:6)
  2 worms
  5 dart slugs
  8 leopard geckos
  25 orcs
  A ball python (D:3)
  5 bats
  3 giant cockroaches
  5 goblins
  4 hobgoblins
  2 quokkas
  A ball python zombie (D:1)
  4 frilled lizards
  A jackal skeleton (D:5)
  7 kobolds
  A leopard gecko skeleton (D:6)
  A quokka skeleton (D:6)
  A quokka zombie (D:1)
  28 rats
185 creatures vanquished.

Notes
Turn   | Place    | Note
-------+----------+-------------------------------------------
     0 | D:1      | Firecrotchwizard the Troll Fighter began the quest for the Orb.
     0 | D:1      | Reached XP level 1. HP: 22/22 MP: 0/0
   122 | D:1      | Reached XP level 2. HP: 29/29 MP: 1/1
   363 | D:1      | Reached skill level 3 in Unarmed Combat
   557 | D:2      | Reached XP level 3. HP: 30/36 MP: 2/2
   682 | D:2      | HP: 9/36 [poisoned by an adder]
   684 | D:2      | Reached skill level 3 in Shields
   799 | D:2      | Reached XP level 4. HP: 41/44 MP: 3/3
   829 | D:2      | Reached skill level 4 in Unarmed Combat
  1394 | D:3      | Reached XP level 5. HP: 23/50 MP: 4/4
  1558 | D:3      | Found a blossoming altar of Fedhas.
  1621 | D:3      | Reached skill level 5 in Unarmed Combat
  2296 | D:4      | Noticed Sigmund
  2317 | D:4      | Reached XP level 6. HP: 41/59 MP: 5/5
  2498 | D:4      | Reached skill level 4 in Shields
  2498 | D:4      | Reached skill level 6 in Unarmed Combat
  2542 | D:4      | Reached XP level 7. HP: 64/66 MP: 6/6
  2554 | D:4      | Noticed Eustachio
  2575 | D:4      | Killed Eustachio
  2714 | D:4      | Reached skill level 7 in Unarmed Combat
  3176 | D:4      | Found a shimmering altar of Xom.
  3177 | D:4      | Found a white marble altar of Elyvilon.
  3178 | D:4      | Found a hide-covered altar of Uskayaw.
  3178 | D:4      | Found a radiant altar of Vehumet.
  3178 | D:4      | Found an opulent altar of Gozag.
  3181 | D:4      | Found a sparkling altar of Nemelex Xobeh.
  3182 | D:4      | Found a snail-covered altar of Cheibriados.
  3312 | D:4      | Noticed Natasha
  3337 | D:4      | Killed Natasha
  3342 | D:4      | Killed Sigmund
  3342 | D:4      | Reached skill level 5 in Shields
  3342 | D:4      | Reached XP level 8. HP: 45/74 MP: 7/7
  3792 | D:4      | Found a shimmering altar of Xom.
  3793 | D:4      | Found a white marble altar of Elyvilon.
  3794 | D:4      | Found a hide-covered altar of Uskayaw.
  3794 | D:4      | Found a radiant altar of Vehumet.
  3794 | D:4      | Found an opulent altar of Gozag.
  3797 | D:4      | Found a sparkling altar of Nemelex Xobeh.
  3798 | D:4      | Found a snail-covered altar of Cheibriados.
  3847 | D:4      | Noticed Natasha
  3852 | D:4      | Killed Natasha
  4372 | D:5      | Entered Level 5 of the Dungeon
  4437 | D:5      | Reached skill level 8 in Unarmed Combat
  4928 | D:5      | Found a staircase to the Ecumenical Temple.
  4933 | D:5      | Reached skill level 9 in Unarmed Combat
  4937 | Temple   | Entered the Ecumenical Temple
  4956 | Temple   | Became a worshipper of Warmaster Okawaru
  5235 | D:6      | Reached skill level 6 in Shields
  5308 | D:6      | Reached * piety under Okawaru
  5390 | D:6      | Noticed Edmund
  5403 | D:6      | Killed Edmund
  5403 | D:6      | Reached XP level 9. HP: 48/80 MP: 8/8
  5528 | D:6      | Reached skill level 10 in Unarmed Combat
  5880 | D:7      | HP: 17/80 [killer bee (6)]
  5886 | D:6      | HP: 13/80 [poisoned by a killer bee]
  5891 | D:6      | HP: 12/80 [poisoned by a killer bee]
  5897 | D:6      | HP: 13/80 [poisoned by a killer bee]
  5903 | D:6      | HP: 15/80 [poisoned by a killer bee]
  5911 | D:6      | HP: 18/80 [poisoned by a killer bee]
  5921 | D:6      | HP: 18/80 [leopard gecko (5)]
  6033 | D:6      | Reached skill level 3 in Fighting
  6125 | D:7      | Reached ** piety under Okawaru
  6205 | D:7      | Reached skill level 7 in Shields
  6244 | D:7      | Reached skill level 4 in Fighting
  6295 | D:7      | Found a glowing golden altar of the Shining One.
  7082 | D:8      | HP: 15/87 [killer bee (8)]
  7083 | D:8      | HP: 7/87 [killer bee (2)]
  7084 | D:8      | HP: 1/87 [killer bee (3)]
  7085 | D:8      | Succumbed to a killer bee's poison

Skill      XL: |  1  2  3  4  5  6  7  8  9 |
---------------+----------------------------+-----
Unarmed Combat | 3 4 5 6 7 9 10 | 10.0
Shields        | 3 4 5 6 7 |  7.9
Fighting       | 4 |  4.8
Dodging        | |  2.4

Action                   |  1- 3 |  4- 6 |  7- 9 || total
-------------------------+-------+-------+-------++-------
Melee: Unarmed           |   119 |   121 |   389 ||   629
Invok: Heroism           |       |       |     2 ||     2
  Use: Scroll            |       |     4 |     5 ||     9
       Potion            |       |       |     1 ||     1
 Stab: Sleeping          |       |     4 |     9 ||    13
  Eat: Chunk             |     9 |    20 |    41 ||    70
Armor: Robe              |    31 |    23 |    60 ||   114
Dodge: Dodged            |    58 |    33 |   118 ||   209
Block: Shield            |    53 |    41 |   207 ||   301

Vault maps used:
D:1:      saegor_arrival_fortress
D:3:      first_ration, fedhas_altar_1
D:4:      minitemple, st_stairs_4, uniq_natasha, uniq_sigmund, uniq_eustachio
D:5:      temple_fountains, hangedman_decor_diamond_cutter
D:6:      uniq_edmund
D:7:      basic_altar, dk_rats_in_the_wall
D:8:      serial_shops, nicolae_shop_statue_plus, serial_column_ruins,
          column_ruins_hut_ruined, column_ruins_grid_1,
          column_ruins_columns_straight, column_ruins_open_tiny,
          column_ruins_open_medium, uniq_pikel
Temple:   eino_temple_water

Table legend:
 A = Turns spent in this place as a percentage of turns spent in the entire game.
 B = Non-inter-level travel turns spent in this place as a percentage of non-inter-level travel turns spent in the entire game.
 C = Inter-level travel turns spent in this place as a percentage of turns spent in this place.
 D = Turns resting spent in this place as a percentage of non-inter-level travel turns spent in this place.
 E = Turns spent auto-exploring this place as a percentage of non-inter-level travel turns spent in this place.
 F = Non-inter-level travel turns spent in this place divided by the number of levels of this place that you've seen.
                   A       B       C       D       E      F
               +-------+-------+-------+-------+-------+----------------------
         Total | 100.0 | 100.0 |   3.9 |  12.2 |  68.8 | 756.7
       Dungeon |  99.5 |  99.8 |   3.5 |  12.3 |  68.7 | 849.9
        Temple |   0.5 |   0.2 |  70.3 |   0.0 |  81.8 |  11.0
               +-------+-------+-------+-------+-------+----------------------

Table legend:
 A = Kills in this place as a percentage of kills in entire the game.
 B = Kills by you in this place as a percentage of kills by you in the entire game.
 C = Kills by friends in this place as a percentage of kills by friends in the entire game.
 D = Other kills in this place as a percentage of other kills in the entire game.
 E = Experience gained in this place as a percentage of experience gained in the entire game.
 F = Experience gained in this place divided by the number of levels of this place that you have seen.
                   A       B       C       D       E      F
               +-------+-------+-------+-------+-------+----------------------
         Total | 100.0 | 100.0 |   N/A |   N/A | 100.0 | 569.1
       Dungeon | 100.0 | 100.0 |   N/A |   N/A | 100.0 | 640.2
               +-------+-------+-------+-------+-------+----------------------
